 Dungeon Crawl Stone Soup version 0.30-a0-116-g3b1a8e4ee4 (webtiles) character file.

Game seed: 4584738736752054757

2861 frimble the Skirmisher (level 9, 0/81 (88) HPs)
             Began as a Demonspawn Hexslinger on Sept 13, 2022.
             Was a Follower of Cheibriados.
             Slain by a wight
             ... wielding a +2 vorpal halberd
              (1 damage)
             ... on level 7 of the Dungeon.
             The game lasted 00:08:48 (9359 turns).

frimble the Skirmisher (Demonspawn Hexslinger)      Turns: 9359, Time: 00:08:49

HP:   0/81 (88)     AC: 12    Str: 14    XL:     9   Next: 47%
MP:   10/10         EV: 12    Int: 23    God:    Cheibriados [*.....]
Gold: 396           SH:  0    Dex: 15    Spells: 8/10 levels left

rFire   . . .      SeeInvis .      - Unarmed
rCold   + . .      Faith    .    (no shield)
rNeg    . . .      Spirit   .    c - +0 robe
rPois   .          Reflect  .    k - +1 helmet
rElec   .          Harm     .    g - +4 cloak of Ru's Grace {Int+3}
rCorr   .          Rampage  .    (no gloves)
Will    .....                    (no boots)
Stlth   ..........               (no amulet)
HPRegen 0.23/turn                f - ring of protection from cold
MPRegen 0.24/turn                (no ring)

@: berserking, drained, very slow
A: yellow scales 2, ignite blood 2, magic regeneration, demonic touch 2
a: Renounce Religion, Bend Time


You were on level 7 of the Dungeon.
You worshipped Cheibriados.
Cheibriados was aware of your devotion.
You visited 2 branches of the dungeon, and saw 8 of its levels.

You collected 396 gold pieces.

Inventory:

Hand Weapons
 a - a +2 sling
Missiles
 z - a throwing net
Armour
 c - a +0 robe (worn)
 g - the +4 cloak of Ru's Grace (worn) {Int+3}
   (You acquired it on level 3 of the Dungeon)

   Int:       It affects your intelligence (+3).
 k - a +1 helmet (worn)
Jewellery
 f - a ring of protection from cold (left hand)
 i - a ring of ice
 t - an amulet of faith
 u - a ring of wizardry
Wands
 r - a wand of light (3)
 v - a wand of roots (12)
Scrolls
 b - a scroll of poison
 n - 2 scrolls of vulnerability
 p - a scroll of fog
 q - a scroll of teleportation
 w - 2 scrolls of identify
 y - a scroll of fear
Potions
 d - a potion of mutation
 e - 2 potions of lignification
 h - a potion of berserk rage
 j - a potion of heal wounds {unknown}
 l - 3 potions of resistance {unknown}
 m - a potion of might {unknown}
 o - a potion of degeneration {unknown}
 s - 3 potions of curing {unknown}
 x - a potion of haste {unknown}


   Skills:
 - Level 1.1 Fighting
 + Level 8.9 Ranged Weapons
 - Level 1.8 Dodging
 + Level 8.2 Unarmed Combat
 - Level 1.0 Spellcasting
 - Level 3.0 Hexes


You had 8 spell levels left.
You knew the following spells:

 Your Spells              Type           Power      Damage    Failure   Level
a - Slow                  Hex            60%        N/A       4%          1
b - Apportation           Tloc           2%         N/A       14%         1

Your spell library contained the following spells:

 Spells                   Type           Power      Damage    Failure   Level
 Dazzling Flash           Conj/Hex       16%        N/A       22%         3
 Inner Flame              Hex/Fire       8%         N/A       22%         3
 Portal Projectile        Hex/Tloc       16%        N/A       22%         3
 Cause Fear               Hex            7%         N/A       38%         4
 Airstrike                Air            0%         2d(1-17)  80%         4
 Iskenderun's Mystic Bla  Conj/Tloc      1%         2d3       80%         4
 Summon Lightning Spire   Summ/Air       1%         N/A       80%         4
 Alistair's Intoxication  Tmut/Pois      0%         N/A       98%         5
 Blade Hands              Tmut           0%         N/A       98%         5
 Irradiate                Conj/Tmut      0%         3d11      98%         5
 Lightning Bolt           Conj/Air       0%         1d11      98%         5
 Starburst                Conj/Fire      0%         6d3       100%        6
 Dragon Form              Tmut           0%         N/A       100%        7


Dungeon Overview and Level Annotations

Branches:
Dungeon (7/15)             Temple (1/1) D:5

Altars:
Cheibriados
Gozag
Hepliaklqana
Kikubaaqudgha
Nemelex Xobeh
Qazlal
Ru
Sif Muna
Uskayaw
Vehumet
Wu Jian
Xom
Yredelemnul

Shops:
D:1 (


Innate Abilities, Weirdness & Mutations

You are mostly covered in yellow scales. (AC +3)
Your demonic aura often causes spilled blood to erupt in flames.
You regenerate magic rapidly.
Your touch may inflict irresistible damage on your foes.


Message History

You feel drained.
You hit the wight.
The wight is moderately damaged.
You hit the wight.
The wight is severely damaged.
The wight hits you with a +2 vorpal halberd.
* * * LOW HITPOINT WARNING * * *
x2 The wight hits you with a +0 halberd.
* * * LOW HITPOINT WARNING * * *
You feel drained.
* * * LOW HITPOINT WARNING * * *
You can't see any enemies this would affect, really read the scroll of fear?
Okay, then.
Aiming: Bolt of Light
Press: ? - help, Shift-Dir - straight line, f - wight
Aim: a wight, wielding a +3 flail and wearing a +0 ring mail (75% to hit)
The bolt of light hits the wight!
The wight is heavily damaged.
The wight is blinded.
The bolt of light hits the wight!
The wight is severely damaged.
The wight is blinded.
The wight closely misses you. The wight hits you with a +0 halberd.
* * * LOW HITPOINT WARNING * * *
Aiming: Bolt of Light
Press: ? - help, Shift-Dir - straight line, p - wight The bolt of light hits the wight!
The wight is almost destroyed.
The bolt of light hits the wight!
You destroy the wight!
Cheibriados appreciates the change of pace.
The wight hits you but does no damage.
The wight hits you with a +2 vorpal halberd.
* * * LOW HITPOINT WARNING * * *
x2 A red film seems to cover your vision as you go berserk!
Cheibriados forces you to slow down.
You feel mighty! The wight closely misses you.
A wight comes into view.
It is wielding a +3 short sword of freezing.
The wight hits you with a +2 vorpal halberd.
* * * LOW HITPOINT WARNING * * *
You die...

*************,*****.#*,,,,,,,*
*,* *,*####.#*,,,,,,,* ,,*
*,*#....#,,,,**+** *,*
*,*#....#,,.,,*,* *,*
*,*#....#,..,,*,* *,*
*,,'...<#...,,*,***** ,,*
**##.......z,,,,,,,,, ,,*
####.z.).....,,,,*****
############....@z#....,,,,,*,,,,
#..........'......#,,,#,,,,,*,*,*
#.####.....#......#,,,*,*,,,,,*,*
#.# #.....#....#.#,,,,,**,,*,*,*
#.####.....#.#.##.#.#,****,,,,,,*
#....'...............,,,,,,,,,,,,
######.....#.#+##.###*****,******
######.....#........,,,,,,,,,,,,,
#.......####.....###********,*,**


You could see 3 wights.

Vanquished Creatures
  Grinder (D:5)
  Sigmund (D:4)
  Eustachio (D:4)
  A water moccasin (D:6)
  2 ice beasts
  A black bear (D:6)
  2 sky beasts
  3 ogres
  A centaur (D:5)
  A phantom (D:4)
  A kobold brigand (D:6)
  4 scorpions
  A bullfrog (D:7)
  4 wights (D:7)
  2 howler monkeys
  2 hounds (D:5)
  A jelly (D:7)
  2 gnoll boudas
  Jessica (D:3)
  Terence (D:3)
  2 iguanas (D:6)
  An orc wizard (D:5)
  Natasha (twice) (D:2)
  Robin (D:2)
  18 gnolls
  8 adders
  A white imp (D:3)
  A worm (D:2)
  3 dart slugs (D:1)
  6 orcs
  7 ball pythons
  6 bats
  6 endoplasms
  2 giant cockroaches
  41 goblins
  31 hobgoblins
  3 jackals (D:3)
  8 kobolds
  4 quokkas
  5 frilled lizards
  12 rats
201 creatures vanquished.

Vanquished Creatures (others)
  A fungus (D:1)
  4 plants (D:1)
5 creatures vanquished.

Grand Total: 206 creatures vanquished

Notes
Turn   | Place    | Note
-------+----------+-------------------------------------------
     0 | D:1      | frimble the Demonspawn Hexslinger began the quest for the
                  | Orb.
     0 | D:1      | Reached XP level 1. HP: 15/15 MP: 2/2
   111 | D:1      | Gained mutation: You are partially covered in yellow
                  | scales. (AC +2) [demonic ancestry]
   111 | D:1      | Reached XP level 2. HP: 21/21 MP: 3/3
   264 | D:1      | Found a faded altar of an unknown god.
   355 | D:1      | Gained mutation: Your touch may inflict minor irresistible
                  | damage on your foes. [demonic ancestry]
   355 | D:1      | Reached XP level 3. HP: 26/26 MP: 4/4
   373 | D:1      | Found Qeapon's Antique Weapon Boutique.
  1472 | D:2      | Noticed Natasha
  1484 | D:2      | Killed Natasha
  1485 | D:2      | Reached skill level 1 in Unarmed Combat
  1485 | D:2      | Gained mutation: You regenerate magic rapidly. [demonic
                  | ancestry]
  1485 | D:2      | Reached XP level 4. HP: 11/32 MP: 5/5
  1700 | D:2      | Found a shimmering blue altar of Sif Muna.
  2045 | D:2      | Noticed Robin
  2084 | D:2      | Killed Robin
  2725 | D:2      | Noticed Natasha
  2734 | D:2      | Killed Natasha
  2735 | D:2      | Gained mutation: Your touch may inflict irresistible damage
                  | on your foes. [demonic ancestry]
  2735 | D:2      | Reached XP level 5. HP: 16/37 MP: 6/6
  3042 | D:3      | Identified a scroll of acquirement
  3042 | D:3      | Acquired the +4 cloak of Ru's Grace {Int+3}
  3190 | D:3      | Noticed Terence
  3198 | D:3      | Killed Terence
  3993 | D:3      | Gained mutation: Your demonic aura sometimes causes spilled
                  | blood to erupt in flames. [demonic ancestry]
  3993 | D:3      | Reached XP level 6. HP: 43/43 MP: 7/7
  4062 | D:3      | Noticed Jessica
  4065 | D:3      | Killed Jessica
  4838 | D:4      | Reached skill level 5 in Ranged Weapons
  4984 | D:4      | Found an opulent altar of Gozag.
  5145 | D:4      | Gained mutation: You are mostly covered in yellow scales.
                  | (AC +3) [demonic ancestry]
  5145 | D:4      | Reached XP level 7. HP: 48/48 MP: 8/8
  5345 | D:4      | Noticed Sigmund
  5360 | D:4      | Killed Sigmund
  5678 | D:4      | HP: 2/48 [gnoll/+0 whip (4)]
  6116 | D:5      | Entered Level 5 of the Dungeon
  6119 | D:5      | Noticed Eustachio
  6252 | D:4      | Killed Eustachio
  6253 | D:4      | Reached skill level 5 in Unarmed Combat
  6452 | D:5      | Reached XP level 8. HP: 52/54 MP: 9/9
  6639 | D:5      | Noticed Grinder
  6652 | D:5      | Killed Grinder
  7254 | D:5      | Found a staircase to the Ecumenical Temple.
  7437 | Temple   | Entered the Ecumenical Temple
  7467 | Temple   | Became a worshipper of Cheibriados the Contemplative
  7529 | D:6      | Learned a level 1 spell: Apportation
  7733 | D:6      | Gained mutation: Your demonic aura often causes spilled
                  | blood to erupt in flames. [demonic ancestry]
  7733 | D:6      | Reached XP level 9. HP: 54/59 MP: 10/10
  8668 | D:6      | Found a hazy altar of Hepliaklqana.
  8669 | D:6      | Found a shimmering altar of Xom.
  8670 | D:6      | Found a radiant altar of Vehumet.
  8670 | D:6      | Found a stormy altar of Qazlal.
  9037 | D:7      | Reached * piety under Cheibriados
  9359 | D:7      | HP: 1/81 [wight/+2 vorpal halberd (5)]
  9359 | D:7      | Slain by a wight

Illustrated notes

Levels and vault maps discovered:
D:1:      doesnt_arrival_eight_statues, layout_loops_ring,
          shapermc_ecumenical_altar_mp_urbaneastern, serial_shops,
          nicolae_shop_statue_plus, fountainhead, dk_noncrumbling_3,
          minmay_pentomino_r2
D:2:      layout_basic, basic_altar, item_on_display_a, uniq_robin, uniq_natasha
D:3:      minmay_goblin_kobold_castle, layout_basic, uniq_terence, uniq_jessica
D:4:      layout_layer_cave, grunt_gozag_breadcrumbs, uniq_sigmund
D:5:      layout_basic, minmay_temple_entry_poolview, minivault_25,
          cheibrodos_gnoll_hut, uniq_eustachio, uniq_grinder
D:6:      layout_loops_ring, mainiacjoe_overflow_alcove_3, serial_glass,
          glass_columns_b, glass_columns_b
D:7:      layout_basic, nicolae_elevator_lobby_asterisk
Temple:   nicolae_temple_bog_church

Skill      XL: |  1  2  3  4  5  6  7  8  9 |
---------------+----------------------------+-----
Ranged Weapons | 2 3 4 5 6 8 |  8.9
Unarmed Combat | 1 2 3 4 5 7 8 |  8.2
Fighting       | |  1.1
Dodging        | |  1.8
Spellcasting   | |  1.0
Hexes          | |  3.0

Action                   |  1- 3 |  4- 6 |  7- 9 || total
-------------------------+-------+-------+-------++-------
Melee: Unarmed           |    38 |   255 |   241 ||   534
       Touch             |     8 |    48 |    42 ||    98
       Punch             |     1 |     7 |     9 ||    17
 Fire: Sling             |    87 |    51 |    23 ||   161
 Cast: Slow              |     5 |       |     2 ||     7
Evoke: Wand              |       |       |     8 ||     8
  Use: Scroll            |       |     8 |     6 ||    14
       Potion            |       |       |     1 ||     1
 Stab: Invisible         |       |       |     1 ||     1
Armor: Robe              |    31 |   100 |    91 ||   222
Dodge: Dodged            |    59 |   176 |   162 ||   397

Table legend: (Time is in decaauts)
 A = Elapsed time spent in this place.
 B = Non-inter-level travel time spent in this place.
 C = Inter-level travel time spent in this place.
 D = Time resting spent in this place.
 E = Time spent auto-exploring this place.
 F = Levels seen in this place.
 G = Mean time per level.
                   A        B        C        D        E       F      G
               +--------+--------+--------+--------+--------+-----+--------+
         Total |   9644 |   9309 |    335 |    527 |   7404 |   8 | 1205.5 |
       Dungeon |   9602 |   9292 |    310 |    527 |   7394 |   7 | 1371.7 |
        Temple |     41 |     17 |     24 |      0 |     10 |   1 |   41.0 |
               +--------+--------+--------+--------+--------+-----+--------+

Top non-repeatable levels by time:
     D:3: 1985 daAuts
     D:1: 1520 daAuts
     D:4: 1505 daAuts
     D:6: 1411 daAuts
     D:2: 1310 daAuts
     D:5: 1156 daAuts
     D:7: 712 daAuts
  Temple: 41 daAuts
